 Dungeon Crawl Stone Soup version 0.31.0-11-ge490571c62 (webtiles) character file.

Game seed: 235335020507594547

5 browni3141 the Conjurer (level 1, 0/13 HPs)
             Began as a Demonspawn Conjurer on Jan 30, 2024.
             Succumbed to a goblin's poison
             ... on level 2 of the Dungeon.
             The game lasted 00:00:22 (105 turns).

browni3141 the Conjurer (Demonspawn Conjurer)        Turns: 105, Time: 00:00:23

Health: 0/13       AC:  2    Str:  7    XL:     1   Next: 66%
Magic:  0/3        EV: 12    Int: 18    God:
Gold:   0          SH:  0    Dex: 11    Spells: 3/4 levels left

rFire   . . .        (no weapon)
rCold   . . .        (no shield)
rNeg    . . .        a - +0 robe
rPois   .            (no helmet)
rElec   .            (no cloak)
rCorr   .            (no gloves)
SInv    .            (no boots)
Will    .....        (no amulet)
Stlth   ++           (no ring)
HPRegen 0.22/turn    (no ring)
MPRegen 0.08/turn

%: no passive effects
@: lethally poisoned (0 -> -2)
A: no striking features
a: no special abilities


You were on level 2 of the Dungeon.
You visited 1 branch of the dungeon, and saw 2 of its levels.

Inventory:

Armour
 a - a +0 robe (worn)
Potions
 b - a potion of magic


   Skills:
 + Level 1.9 Dodging
 + Level 1.9 Stealth
 + Level 2.1 Spellcasting
 + Level 4.0 Conjurations


You had 3 spell levels left.
You knew the following spells:

 Your Spells              Type           Power      Damage    Failure   Level
a - Magic Dart            Conj           64%        1d6       3%          1

Your spell library contained the following spells:

 Spells                   Type           Power      Damage    Failure   Level
 Searing Ray              Conj           32%        2d5       4%          2
 Fulminant Prism          Conj/Alch      4%         3d5       61%         4
 Iskenderun's Mystic Bla  Conj/Tloc      9%         2d4       61%         4


Dungeon Overview and Level Annotations

Branches:
Dungeon (2/15)

Altars:


Message History

Welcome, browni3141 the Demonspawn Conjurer.
If you return without finding the Orb of Zot, so far below, it's all over!
Press ? for a list of commands and other information.
Found an escape hatch in the floor.
Found a staircase leading out of the dungeon.
Setting a skill training target for Axes at 18.0.
Setting a skill training target for Invocations at 14.0.
Setting a skill training target for Throwing at 11.0.
Found an escape hatch in the floor.
A giant cockroach comes into view.
A giant cockroach is nearby!
A giant cockroach is nearby!
A giant cockroach is nearby!
The magic dart hits the giant cockroach.
The giant cockroach is severely wounded.
The magic dart hits the giant cockroach.
You kill the giant cockroach!
You can't see any susceptible monsters within range! (Use Z to cast anyway.) Magic restored.
A bat comes into view.
A bat is nearby!
A bat is nearby!
The magic dart hits the bat.
You kill the bat!
You can't see any susceptible monsters within range! (Use Z to cast anyway.)
You can't see any susceptible monsters within range! (Use Z to cast anyway.)
A goblin comes into view. It is wielding a +0 club.
A goblin is nearby!
A goblin is nearby!
You can't see any susceptible monsters within range! (Use Z to cast anyway.)
You can't see any susceptible monsters within range! (Use Z to cast anyway.)
You can't see any susceptible monsters within range! (Use Z to cast anyway.)
A kobold comes into view. It is wielding a +0 short sword.
The goblin shouts!
You hear a shout!
A goblin comes into view. It is wielding a +0 club.
The kobold shouts!
You hear an angry hiss.
The magic dart hits the goblin.
The goblin is severely wounded.
You hear a shout!
A goblin comes into view. It is wielding a +0 dagger.
The magic dart hits the goblin.
The goblin is almost dead.
A ball python comes into view.
The goblin misses you.
The magic dart hits the goblin.
You kill the goblin!
A quokka comes into view.
The kobold attacks as it pursues you! The kobold hits you but does no damage.
The kobold attacks as it pursues you! The kobold closely misses you.
The kobold attacks as it pursues you! The kobold hits you but does no damage.
There is an escape hatch in the floor here.
The kobold hits you but does no damage.
You slide downwards.
The hatch slams shut behind you.
Found a stone staircase leading down.
The magic dart hits the kobold.
The kobold is moderately wounded.
The kobold barely misses you.
You are out of magic!
The goblin shouts!
The kobold attacks as it pursues you! The kobold closely misses you.
The kobold attacks as it pursues you! The kobold misses you.
The frilled lizard bites you.
The frilled lizard attacks as it pursues you!
The frilled lizard closely misses you.
The magic dart hits the frilled lizard.
The frilled lizard is heavily wounded.
The frilled lizard attacks as it pursues you!
The frilled lizard misses you.
You closely miss the frilled lizard.
The frilled lizard is heavily wounded.
The frilled lizard bites you.
You barely miss the frilled lizard.
The frilled lizard is heavily wounded.
The frilled lizard closely misses you.
You hit the frilled lizard.
You kill the frilled lizard!
The kobold attacks as it pursues you!
The kobold hits you with a +0 short sword.
The magic dart hits the kobold.
You kill the kobold!
You hit the goblin.
The goblin is moderately wounded.
The goblin hits you with a +0 dagger of venom.
You are lethally poisoned!
You hit the goblin.
The goblin is moderately wounded.
You feel very sick. The goblin barely misses you.
You feel sick.
You feel sick.
You feel sick.
You feel sick.
You feel sick.
You die...

........#.#.#.#.#
#.#.#.....# # #)#
.......#..#.#.#.#
#.#.... ....#§#.#
#.#.... ....§§§.#
....> ...§§§§g#
##..#. .~§§§P..#
.~§~§...#
~~~§§~§@#
..~~≈...#
.P......#
#.......#
........#
.........
#.####..# .. ...#


You could see a goblin.

Vanquished Creatures
  A giant cockroach (D:1)
  A goblin (D:1)
  A kobold (D:2)
  A bat (D:1)
  A frilled lizard (D:2)
5 creatures vanquished.

Notes
Turn   | Place    | Note
-------+----------+-------------------------------------------
     0 | D:1      | browni3141 the Demonspawn Conjurer began the quest for the
                  | Orb.
     0 | D:1      | Reached XP level 1. HP: 13/13 MP: 3/3
   105 | D:2      | Succumbed to a goblin's poison

Illustrated notes

Levels and vault maps discovered:
D:1:      dpeg_arrival_long_road, layout_loops_ring, minmay_hexomino_p4
D:2:      minmay_diamond_boxcup, layout_basic, serial_undead, serial_undead_c,
          serial_undead_a, serial_undead_f, serial_undead_f, serial_undead_e,
          serial_undead_f, basic_altar, chequers_serial_rivers_small_a

Action                     || total
---------------------------++-------
  Melee: Unarmed           ||     5
   Cast: Magic Dart        ||     9
 Armour: Robe              ||     7
  Dodge: Dodged            ||     9
